| TOP OF THE 1ST |
|
Indianapolis Indians batting - Pitching for Wichita Aeros : RHP Greg A Harris
|
|
Pitching: RHP Greg A Harris
|
|
|
Batting: LHB Kevin Schoendienst
|
0-0: Ball 1-0: Swinging Strike 1-1: Foul Ball, location: 2F 1-2: Ball 2-2: Strikes out swinging
|
|
Batting: SHB Bobby Ball
|
0-0: Ground out 6-3 (Groundball, 56, EV 103.8 MPH)
|
|
Batting: RHB Luis Gonzalez
|
0-0: Ball 1-0: Ball 2-0: Ball 3-0: Called Strike 3-1: Base on Balls
|
|
Batting: RHB Steven Campbell
|
0-0: Called Strike 0-1: Ball Wild Pitch! Luis Gonzalez to second 1-1: Ball 2-1: Fly out, F8 (Flyball, 8RD, EV 83.1 MPH)
|
| Top of the 1st over - 0 runs, 0 hits, 0 errors, 1 left on base; Indianapolis 0 - Wichita 0 |
| BOTTOM OF THE 1ST |
|
Wichita Aeros batting - Pitching for Indianapolis Indians : LHP Ricky Horton
|
|
Pitching: LHP Ricky Horton
|
|
|
Batting: LHB Jesus Ramos
|
0-0: Called Strike 0-1: Ball 1-1: Foul Ball, location: 2F 1-2: Ball 2-2: Foul Ball, location: 2F 2-2: Ground out 5-3 (Groundball, 5, EV 93.8 MPH)
|
|
Batting: RHB Greg Cypret
|
0-0: Called Strike 0-1: Swinging Strike 0-2: Ball 1-2: Ball 2-2: Ball 3-2: Fly out, F7 (Flyball, 7D, EV 93.8 MPH)
|
|
Batting: RHB Cressy Pratt
|
0-0: Ball 1-0: Foul Ball, location: 2F 1-1: Foul Ball, location: 2F 1-2: Ball 2-2: Ball 3-2: Foul Ball, location: 2F 3-2: Base on Balls
|
|
Batting: RHB Dave Hoenstine
|
0-0: Ball 1-0: Called Strike 1-1: Foul Ball, location: 2F 1-2: Ball 2-2: Foul Ball, location: 2F 2-2: Fly out, F7 (Flyball, 78D, EV 104.4 MPH)
|
| Bottom of the 1st over - 0 runs, 0 hits, 0 errors, 1 left on base; Indianapolis 0 - Wichita 0 |
| TOP OF THE 2ND |
|
Indianapolis Indians batting - Pitching for Wichita Aeros : RHP Greg A Harris
|
|
Batting: RHB Tracy Cowger
|
0-0: Called Strike 0-1: Foul Ball, location: 2F 0-2: Strikes out looking
|
|
Batting: LHB James Baker
|
0-0: Ball 1-0: Fly out, F9 (Flyball, 89D, EV 99.4 MPH)
|
|
Batting: RHB Robert Bonnette
|
0-0: Ball 1-0: Ball 2-0: Called Strike 2-1: DOUBLE (Line Drive, 78M, EV 94.4 MPH)
|
|
Batting: LHB David Bertulli
|
0-0: Foul Ball, location: 2F 0-1: Swinging Strike 0-2: Ball 1-2: Ball 2-2: Fly out, F9 (Line Drive, 9, EV 96.3 MPH)
|
| Top of the 2nd over - 0 runs, 1 hit, 0 errors, 1 left on base; Indianapolis 0 - Wichita 0 |
| BOTTOM OF THE 2ND |
|
Wichita Aeros batting - Pitching for Indianapolis Indians : LHP Ricky Horton
|
|
Batting: LHB Michael Barnes
|
0-0: Foul Ball, location: 2F 0-1: Ball 1-1: Foul Ball, location: 2F 1-2: Strikes out swinging
|
|
Batting: RHB Gary House
|
0-0: Ball 1-0: Ball 2-0: SINGLE (Groundball, 6MD, EV 103.1 MPH)
|
|
Batting: LHB Glenn Gulliver
|
0-0: Called Strike 0-1: Grounds into double play, 5-4-3 (Groundball, 56, EV 97.5 MPH)
|
| Bottom of the 2nd over - 0 runs, 1 hit, 0 errors, 0 left on base; Indianapolis 0 - Wichita 0 |
| TOP OF THE 3RD |
|
Indianapolis Indians batting - Pitching for Wichita Aeros : RHP Greg A Harris
|
|
Batting: RHB Juan Bernhardt
|
0-0: Called Strike 0-1: Ground out 6-3 (Groundball, 6, EV 101.9 MPH)
|
|
Batting: LHB Kevin Schoendienst
|
0-0: Called Strike 0-1: Foul Ball, location: 2F 0-2: Foul Ball, location: 2F 0-2: Foul Ball, location: 2F 0-2: Ball 1-2: Foul Ball, location: 2F 1-2: Foul Ball, location: 2F 1-2: Foul Ball, location: 2F 1-2: Foul Ball, location: 2F 1-2: Fly out, F8 (Line Drive, 8RM, EV 101.3 MPH)
|
|
Batting: SHB Bobby Ball
|
0-0: Ball 1-0: Ball 2-0: Foul Ball, location: 2F 2-1: Bunt missed! 2-2: Foul Ball, location: 2F 2-2: Foul Ball, location: 2F 2-2: Fly out, F9 (Line Drive, 9, EV 98.8 MPH)
|
| Top of the 3rd over - 0 runs, 0 hits, 0 errors, 0 left on base; Indianapolis 0 - Wichita 0 |
| BOTTOM OF THE 3RD |
|
Wichita Aeros batting - Pitching for Indianapolis Indians : LHP Ricky Horton
|
|
Batting: SHB Gary Pettis
|
0-0: Ball 1-0: SINGLE (Line Drive, 56, EV 93.8 MPH)
|
|
Batting: RHB Bill Hayes
|
0-0: Foul Ball, location: 2F 0-1: Called Strike 0-2: Ball 1-2: Ball 2-2: Fly out, F5 (Popup, 25F, EV 90.6 MPH)
|
|
Batting: LHB Jesus Ramos
|
0-0: Ball 1-0: Called Strike 1-1: Ball 2-1: Fly out, F9 (Flyball, 89D, EV 98.8 MPH) Runner from 1st tags up, SAFE at 2nd
|
|
Batting: RHB Greg Cypret
|
0-0: Ball 1-0: Swinging Strike 1-1: Called Strike 1-2: Ball 2-2: Ball 3-2: Base on Balls
|
|
Batting: RHB Cressy Pratt
|
0-0: Ball 1-0: Ball 2-0: Ball 3-0: Called Strike 3-1: Foul Ball, location: 2F 3-2: TRIPLE (Flyball, 78XD, EV 112.5 MPH) Gary Pettis scores Greg Cypret scores
|
|
Batting: RHB Dave Hoenstine
|
0-0: Ball 1-0: Fly out, F7 (Flyball, 7, EV 79.4 MPH)
|
| Bottom of the 3rd over - 2 runs, 2 hits, 0 errors, 1 left on base; Indianapolis 0 - Wichita 2 |
| TOP OF THE 4TH |
|
Indianapolis Indians batting - Pitching for Wichita Aeros : RHP Greg A Harris
|
|
Batting: RHB Luis Gonzalez
|
0-0: Ball 1-0: Called Strike 1-1: Foul Ball, location: 2F 1-2: Foul Ball, location: 2F 1-2: Strikes out swinging
|
|
Batting: RHB Steven Campbell
|
0-0: Ground out 5-3 (Groundball, 56S, EV 76.9 MPH)
|
|
Batting: RHB Tracy Cowger
|
0-0: Called Strike 0-1: Foul Ball, location: 2F 0-2: Ball 1-2: Strikes out swinging
|
| Top of the 4th over - 0 runs, 0 hits, 0 errors, 0 left on base; Indianapolis 0 - Wichita 2 |
| BOTTOM OF THE 4TH |
|
Wichita Aeros batting - Pitching for Indianapolis Indians : LHP Ricky Horton
|
|
Batting: LHB Michael Barnes
|
0-0: Ball 1-0: Ground out 6-3 (Groundball, 6M, EV 84.4 MPH)
|
|
Batting: RHB Gary House
|
0-0: Called Strike 0-1: Foul Ball, location: 2F 0-2: Strikes out looking
|
|
Batting: LHB Glenn Gulliver
|
0-0: Ground out 4-3 (Groundball, 4S, EV 89.4 MPH)
|
| Bottom of the 4th over - 0 runs, 0 hits, 0 errors, 0 left on base; Indianapolis 0 - Wichita 2 |
| TOP OF THE 5TH |
|
Indianapolis Indians batting - Pitching for Wichita Aeros : RHP Greg A Harris
|
|
Batting: LHB James Baker
|
0-0: Ball 1-0: Ball 2-0: Ground out 4-3 (Groundball, 13, EV 88.1 MPH)
|
|
Batting: RHB Robert Bonnette
|
0-0: Ball 1-0: Foul Ball, location: 2F 1-1: Swinging Strike 1-2: Ball 2-2: Ball 3-2: Strikes out swinging
|
|
Batting: LHB David Bertulli
|
0-0: Ball 1-0: Foul Ball, location: 2F 1-1: Called Strike 1-2: Strikes out swinging
|
| Top of the 5th over - 0 runs, 0 hits, 0 errors, 0 left on base; Indianapolis 0 - Wichita 2 |
| BOTTOM OF THE 5TH |
|
Wichita Aeros batting - Pitching for Indianapolis Indians : LHP Ricky Horton
|
|
Batting: SHB Gary Pettis
|
0-0: Called Strike 0-1: Ball 1-1: Ball 2-1: Ball 3-1: Called Strike 3-2: SINGLE (Line Drive, 8RS, EV 97.5 MPH)
|
|
Batting: RHB Bill Hayes
|
0-0: Bunt missed! 0-1: Ball 1-1: Reached on error, E2 (Groundball, 2L, EV 43.8 MPH) Gary Pettis to third
|
|
Batting: LHB Jesus Ramos
|
0-0: Called Strike 0-1: Fly out, F4 (Flyball, 34D, EV 90.6 MPH)
|
|
Batting: RHB Greg Cypret
|
0-0: Ball 1-0: Ball 2-0: Ground out 6-3 (Groundball, 6, EV 107.5 MPH) Gary Pettis scores
|
|
Batting: RHB Cressy Pratt
|
0-0: Ball 1-0: Ball 2-0: SINGLE (Groundball, 4MD, EV 97.5 MPH) Bill Hayes to third Runner from 3rd tries for Home, SAFE, throw by CF to home
|
|
Batting: RHB Dave Hoenstine
|
0-0: Ball Balk! Cressy Pratt to second 1-0: Foul Ball, location: 2F 1-1: Foul Ball, location: 2F 1-2: Fly out, F9 (Flyball, 9D, EV 96.9 MPH)
|
| Bottom of the 5th over - 2 runs, 2 hits, 1 error, 1 left on base; Indianapolis 0 - Wichita 4 |
| TOP OF THE 6TH |
|
Indianapolis Indians batting - Pitching for Wichita Aeros : RHP Greg A Harris
|
|
Batting: RHB Juan Bernhardt
|
0-0: Called Strike 0-1: Foul Ball, location: 2F 0-2: Ground out 4-3 (Groundball, 4S, EV 76.3 MPH)
|
|
Batting: LHB Kevin Schoendienst
|
0-0: Foul Ball, location: 2F 0-1: Swinging Strike 0-2: Strikes out swinging
|
|
Batting: SHB Bobby Ball
|
0-0: Ball 1-0: Called Strike 1-1: Foul Ball, location: 2F 1-2: Foul Ball, location: 2F 1-2: Strikes out swinging
|
| Top of the 6th over - 0 runs, 0 hits, 0 errors, 0 left on base; Indianapolis 0 - Wichita 4 |
| BOTTOM OF THE 6TH |
|
Wichita Aeros batting - Pitching for Indianapolis Indians : LHP Ricky Horton
|
|
Batting: LHB Michael Barnes
|
0-0: Foul Ball, location: 2F 0-1: Ball 1-1: Called Strike 1-2: Strikes out swinging
|
|
Batting: RHB Gary House
|
0-0: Ball 1-0: Called Strike 1-1: Fly out, F8 (Flyball, 8LS, EV 92.5 MPH)
|
|
Batting: LHB Glenn Gulliver
|
0-0: Called Strike 0-1: Ball 1-1: Ball 2-1: Foul Ball, location: 2F 2-2: Ball 3-2: Foul Ball, location: 2F 3-2: Base on Balls
|
|
Batting: SHB Gary Pettis
|
0-0: Ball 1-0: Ball 2-0: Ball Passed Ball! Glenn Gulliver to second 3-0: Base on Balls
|
|
Batting: RHB Bill Hayes
|
0-0: Called Strike 0-1: Ball 1-1: Ball 2-1: Ground out 6-3 (Groundball, 6S, EV 74.4 MPH)
|
| Bottom of the 6th over - 0 runs, 0 hits, 0 errors, 2 left on base; Indianapolis 0 - Wichita 4 |
| TOP OF THE 7TH |
|
Indianapolis Indians batting - Pitching for Wichita Aeros : RHP Greg A Harris
|
|
Batting: RHB Luis Gonzalez
|
0-0: Ball 1-0: Called Strike 1-1: Fly out, F9 (Flyball, 9LM, EV 82.5 MPH)
|
|
Batting: RHB Steven Campbell
|
0-0: Ball 1-0: Ground out 6-3 (Groundball, 56, EV 103.1 MPH)
|
|
Batting: RHB Tracy Cowger
|
0-0: Ball 1-0: Ball 2-0: Called Strike 2-1: Ball 3-1: Fly out, F3 (Flyball, 3D, EV 88.8 MPH)
|
| Top of the 7th over - 0 runs, 0 hits, 0 errors, 0 left on base; Indianapolis 0 - Wichita 4 |
| BOTTOM OF THE 7TH |
|
Wichita Aeros batting - Pitching for Indianapolis Indians : LHP Ricky Horton
|
|
Batting: LHB Jesus Ramos
|
0-0: Ball 1-0: Called Strike 1-1: Ball 2-1: Foul Ball, location: 2F 2-2: Ball 3-2: Base on Balls
|
|
Batting: RHB Greg Cypret
|
0-0: Called Strike 0-1: Bunt missed! 0-2: SINGLE (Groundball, 4MD, EV 95.6 MPH) Jesus Ramos to second Runner from 2nd tries for 3rd, SAFE, throw by CF made to third
|
|
Batting: RHB Cressy Pratt
|
0-0: Foul Ball, location: 2F 0-1: Ball 1-1: Called Strike 1-2: Ball 2-2: Ball 3-2: Foul Ball, location: 2F 3-2: Base on Balls Greg Cypret to second
|
|
Batting: RHB Dave Hoenstine
|
0-0: Called Strike 0-1: Ball 1-1: Swinging Strike 1-2: Ball 2-2: Foul Ball, location: 2F 2-2: Ball 3-2: Base on Balls Jesus Ramos scores Greg Cypret to third Cressy Pratt to second
|
|
Pitching: RHP Andy Replogle
|
|
|
Batting: LHB Michael Barnes
|
0-0: Called Strike 0-1: Called Strike 0-2: Ball 1-2: Ball 2-2: Ball 3-2: Fly out, F8 (Flyball, 8RS, EV 93.8 MPH)
|
|
Batting: RHB Gary House
|
0-0: Called Strike 0-1: Swinging Strike 0-2: Ball 1-2: Ball 2-2: Foul Ball, location: 2F 2-2: Strikes out swinging
|
|
Batting: LHB Glenn Gulliver
|
0-0: Foul Ball, location: 2F 0-1: Fielders Choice at 2nd, 5-4 (Groundball, 5L, EV 104.4 MPH)
|
| Bottom of the 7th over - 1 run, 1 hit, 0 errors, 3 left on base; Indianapolis 0 - Wichita 5 |
| TOP OF THE 8TH |
|
Indianapolis Indians batting - Pitching for Wichita Aeros : RHP Greg A Harris
|
|
Batting: LHB James Baker
|
0-0: Called Strike 0-1: Ball 1-1: Called Strike 1-2: Strikes out swinging, 2-3 out at first.
|
|
Batting: RHB Robert Bonnette
|
0-0: Ball 1-0: Foul Ball, location: 2F 1-1: Swinging Strike 1-2: Foul Ball, location: 2F 1-2: Strikes out looking
|
|
Batting: LHB David Bertulli
|
0-0: Ball 1-0: Foul Ball, location: 2F 1-1: Ball 2-1: Fly out, F9 (Flyball, 9LD, EV 88.8 MPH)
|
| Top of the 8th over - 0 runs, 0 hits, 0 errors, 0 left on base; Indianapolis 0 - Wichita 5 |
| BOTTOM OF THE 8TH |
|
Wichita Aeros batting - Pitching for Indianapolis Indians : RHP Andy Replogle
|
|
Batting: SHB Gary Pettis
|
0-0: Fly out, F4 (Flyball, 34D, EV 92.5 MPH)
|
|
Batting: RHB Bill Hayes
|
0-0: Called Strike 0-1: Ball 1-1: Foul Ball, location: 2F 1-2: Ball 2-2: Strikes out swinging
|
|
Batting: LHB Jesus Ramos
|
0-0: Called Strike 0-1: Ball 1-1: Fly out, F8 (Flyball, 8RM, EV 91.3 MPH)
|
| Bottom of the 8th over - 0 runs, 0 hits, 0 errors, 0 left on base; Indianapolis 0 - Wichita 5 |
| TOP OF THE 9TH |
|
Indianapolis Indians batting - Pitching for Wichita Aeros : RHP Greg A Harris
|
|
Batting: RHB Juan Bernhardt
|
0-0: Called Strike 0-1: Called Strike 0-2: SINGLE (Line Drive, 4MD, EV 99.4 MPH)
|
|
Batting: LHB Kevin Schoendienst
|
0-0: Ball 1-0: Grounds out, U3 (Groundball, 3L, EV 86.9 MPH)
|
|
Batting: SHB Bobby Ball
|
0-0: Ball 1-0: Ball 2-0: Ball 3-0: Called Strike Balk! Juan Bernhardt to third 3-1: Fly out, F5 (Popup, 56, EV 60.0 MPH)
|
|
Batting: RHB Luis Gonzalez
|
0-0: Called Strike 0-1: Called Strike 0-2: Strikes out looking
|
| Top of the 9th over - 0 runs, 1 hit, 0 errors, 1 left on base; Indianapolis 0 - Wichita 5 |
|